[Event "2nd Bieszczady Chess-ch A 2022"]
[Site "Bystre"]
[Date "2022.07.21"]
[Round "5.7"]
[White "Sygulski, Piotr"]
[Black "Bugajski, Robert"]
[Result "1-0"]
[ECO "D44"]
[WhiteElo "2013"]
[BlackElo "2075"]
[Annotator "NA RC"]
[PlyCount "91"]
[EventDate "2022.07.17"]
[EventCountry "POL"]
[SourceTitle "playchess.com"]
[Source "ChessBase"]
[SourceQuality "1"]
[TimeControl "5400+30"]

1. d4 d5 2. Nf3 Nf6 3. c4 c6 4. Nc3 e6 5. Bg5 dxc4 6. e4 b5 7. e5 h6 8. Bh4 g5 9. Nxg5 hxg5 10. Bxg5 Nbd7 11. Qf3 Bb7 12. O-O-O Bh6 13. Bxh6 Rxh6 14. exf6 Qxf6 15. Qe3 Rh5 16. Be2 Rh8 17. Ne4 Qe7 18. Qg3 Nb6 19. Nd6+ Kf8 20. Nxb7 Qxb7 21. Qd6+ Ke8 22. Bf3 Rc8 23. Qe5 Rg8 24. Qxb5 cxb5 25. Bxb7 Rc7 26. Bf3 Ke7 27. h4 b4 28. Rhe1 Kd6 29. Re5 Nd5 30. Bxd5 exd5 31. g3 a5 32. Rf5 Re8 33. Rf6+ Re6 34. Rxe6+ Kxe6 35. Re1+ Kd6 36. g4 a4 37. Re3 Re7 38. h5 Rc7 39. g5 Rc8 40. f4 Rh8 41. h6 Rg8 42. Re5 c3 43. bxc3 Rc8 44. Re3 bxc3 45. f5 c2 46. g6 1-0

[Event "2nd Bieszczady Chess-ch A 2022"]
[Site "Bystre"]
[Date "2022.07.21"]
[Round "5.8"]
[White "Kasperek, Ryszard"]
[Black "Janzer, Hubert"]
[Result "1-0"]
[ECO "B30"]
[WhiteElo "2058"]
[BlackElo "1839"]
[Annotator "NA RC"]
[PlyCount "85"]
[EventDate "2022.07.17"]
[EventCountry "POL"]
[SourceTitle "playchess.com"]
[Source "ChessBase"]
[SourceQuality "1"]
[TimeControl "5400+30"]

1. e4 c5 2. Nf3 Nc6 3. Bb5 a6 4. Bxc6 bxc6 5. O-O d5 6. Nc3 Bg4 7. d3 e6 8. h3 Bxf3 9. Qxf3 Bd6 10. Qg4 Qf6 11. Re1 Ne7 12. e5 Bxe5 13. Bg5 Bxc3 14. Bxf6 Bxf6 15. c3 O-O 16. Qf4 Rab8 17. Re2 e5 18. Qa4 Rb6 19. Qa3 Rb5 20. Qxa6 Rfb8 21. c4 Rb4 22. Rae1 e4 23. dxe4 d4 24. e5 Bg5 25. Rd1 Ng6 26. b3 Nf4 27. Re4 R4b6 28. Qa5 Ne6 29. g3 Bd8 30. Qa3 Ng5 31. Re2 Nxh3+ 32. Kg2 Ng5 33. f4 Ne6 34. f5 d3 35. Rxd3 Nd4 36. Rf2 Rb4 37. Qa7 R4b6 38. Qd7 Bg5 39. e6 fxe6 40. fxe6 R6b7 41. Rxd4 Rxd7 42. Rxd7 Re8 43. Re2 1-0

[Event "2nd Bieszczady Chess-ch A 2022"]
[Site "Bystre"]
[Date "2022.07.21"]
[Round "5.9"]
[White "Kopacz, Lukasz"]
[Black "Kucharski, Bartlomiej"]
[Result "0-1"]
[ECO "A17"]
[WhiteElo "1821"]
[BlackElo "2003"]
[Annotator "RC"]
[PlyCount "88"]
[EventDate "2022.07.17"]
[EventCountry "POL"]
[SourceTitle "playchess.com"]
[Source "ChessBase"]
[SourceQuality "1"]
[TimeControl "5400+30"]

1. c4 Nf6 2. Nc3 e6 3. g3 d5 4. Bg2 Be7 5. Nf3 d4 6. Nb1 O-O 7. O-O c5 8. d3 h6 9. e4 Nc6 10. a3 e5 11. h3 a6 12. b3 b5 13. Nbd2 Ne8 14. Ne1 Rb8 15. f4 a5 16. f5 a4 17. bxa4 bxc4 18. Nxc4 Ba6 19. Nb2 Nd6 20. Qc2 Na5 21. Nf3 f6 22. Nd2 c4 23. Ndxc4 Ndxc4 24. dxc4 Qb6 25. Kh2 Rfc8 26. Qd1 Nxc4 27. Nxc4 Bxc4 28. Rf2 d3 29. Rf3 Qd4 30. Be3 Qxe4 31. Qd2 Qb7 32. Bxh6 gxh6 33. Qxh6 Bf8 34. Qxf6 Qg7 35. Qh4 Rb2 36. f6 Qg6 37. Raf1 Bf7 38. R3f2 Rcc2 39. Rxc2 Rxc2 40. Kh1 Rc4 41. g4 d2 42. Qg3 Rd4 43. Bf3 Qd3 44. Qf2 Rf4 0-1

[Event "2nd Bieszczady Chess-ch A 2022"]
[Site "Bystre"]
[Date "2022.07.21"]
[Round "6.1"]
[White "Razin, Vadim"]
[Black "Karvatskyi, Oleksii"]
[Result "1-0"]
[ECO "A48"]
[WhiteElo "2428"]
[BlackElo "1804"]
[Annotator "TA"]
[PlyCount "71"]
[EventDate "2022.07.17"]
[EventCountry "POL"]
[SourceTitle "playchess.com"]
[Source "ChessBase"]
[SourceQuality "1"]
[TimeControl "5400+30"]

1. d4 Nf6 2. Nf3 g6 3. Bg5 Bg7 4. Nbd2 d5 5. e3 O-O 6. Be2 Nbd7 7. O-O b6 8. c4 {[%emt 0:04:09] D03: 1 d4 d5 2 Nf3 Nf6 3 Bg5, including Torre Attack with early ...d5.} c6 {[%emt 0:02:40] [#]} 9. Qb3 $146 ({Predecessor:} 9. Rc1 Bb7 10. cxd5 cxd5 11. Qa4 a6 12. h3 Ne4 13. Bh4 b5 14. Qa3 Re8 15. Nb3 {½-½ (41) Stamenkovic,D (2378)-Postny,E (2600) Chess.com INT 2020}) 9... Bb7 10. a4 {[%emt 0:07:27] White is slightly better.} a6 11. Rac1 Re8 12. Rfd1 h6 13. Bf4 {[%emt 0:01:17][%cal Bg5f4,Bf4c7,Bc7d8,Bd8b6,Bb6c5][%mdl 32] White is more active.} Ne4 $2 (13... e6 $16 {keeps fighting.}) 14. cxd5 $18 cxd5 {[%emt 0:01:20] [#]} 15. Bc7 $1 Nec5 {[%emt 0:22:03] [#]} 16. Rxc5 (16. Bxd8 Nxb3 17. Nxb3 Rexd8 $14) (16. dxc5 Qxc7 17. cxb6 Qxb6 $11) 16... Nxc5 17. Qxb6 (17. dxc5 Qxc7 18. Qxb6 (18. cxb6 $2 Qc5 $19) 18... Qxb6 19. cxb6 Rec8 $19) 17... Nxa4 18. Bxd8 Nxb6 19. Bxb6 Rec8 20. Bc5 e6 21. Ra1 a5 22. Bb5 Bc6 (22... Rcb8 $142 23. Bd6 Rd8) 23. Bxc6 Rxc6 24. b4 a4 25. Ra3 Bf8 26. Ne5 Rcc8 (26... Rc7 27. Nb1 Kg7) 27. Nd7 {[%emt 0:00:34] White is clearly winning.} Bxc5 28. dxc5 ({Not} 28. bxc5 Ra7 $18) ({Less strong is} 28. Nxc5 Rcb8 29. Nd3 (29. Rxa4 Rxa4 30. Nxa4 Rxb4 $16) (29. Nxa4 $2 Rxb4 30. h4 Rbxa4 $19) 29... Kf8 $18) 28... Rc7 29. Nb6 Ra6 30. Kf1 Kg7 31. Nb1 Kf6 32. Nc3 Ke5 33. f4+ Kf5 34. Rxa4 Rxa4 35. Nbxa4 Ra7 36. b5 {[%emt 0:00:06] Black did not feel at home in the position after the opening.  Weighted Error Value: White=0.05 (flawless) /Black=0.43} 1-0

[Event "2nd Bieszczady Chess-ch A 2022"]
[Site "Bystre"]
[Date "2022.07.21"]
[Round "6.2"]
[White "Kyc, Jerzy"]
[Black "Marszalek, Maciej"]
[Result "1-0"]
[ECO "C50"]
[WhiteElo "2203"]
[BlackElo "2268"]
[Annotator "ChessBase"]
[PlyCount "79"]
[EventDate "2022.07.17"]
[EventCountry "POL"]
[SourceTitle "playchess.com"]
[Source "ChessBase"]
[SourceQuality "1"]
[TimeControl "5400+30"]

1. e4 e5 2. Nf3 Nc6 3. Bc4 Nf6 4. d3 Bc5 5. Nc3 h6 6. Be3 Bxe3 7. fxe3 d6 8. O-O Na5 9. Bb3 Nxb3 10. axb3 O-O 11. Qe1 c6 12. h3 Nh7 13. Qg3 Be6 14. Kh2 a6 15. d4 exd4 16. exd4 d5 17. e5 Qe7 18. Rf2 c5 19. Raf1 cxd4 20. Nxd4 Rad8 21. h4 Rfe8 22. Rxf7 Qxf7 23. Rxf7 Kxf7 24. Nce2 Nf8 25. Nf4 Kg8 26. b4 Bc8 27. Nh5 Re7 28. b5 axb5 29. Nxb5 Bf5 30. Nd6 Bg6 31. Nf4 Be4 32. c4 Rxe5 33. Nxd5 Rxd5 34. cxd5 Bxd5 35. Nf5 Rd7 36. Nxh6+ Kh7 37. Nf5 Be6 38. Nd6 Ng6 39. h5 Ne7 40. Qe5 1-0

[Event "2nd Bieszczady Chess-ch A 2022"]
[Site "Bystre"]
[Date "2022.07.21"]
[Round "6.3"]
[White "Maksimenko, Andrei Jr"]
[Black "Lewtak, Damian"]
[Result "0-1"]
[ECO "B06"]
[WhiteElo "1897"]
[BlackElo "2397"]
[Annotator "ChessBase"]
[PlyCount "108"]
[EventDate "2022.07.17"]
[EventCountry "POL"]
[SourceTitle "playchess.com"]
[Source "ChessBase"]
[SourceQuality "1"]
[TimeControl "5400+30"]

1. e4 g6 2. d4 Bg7 3. Nf3 c6 4. a4 d5 5. exd5 cxd5 6. Bb5+ Nd7 7. O-O Ngf6 8. Nc3 a6 9. Bd3 O-O 10. h3 Re8 11. Re1 b6 12. Bf4 Bb7 13. Qd2 Nf8 14. Be5 Qc8 15. Ra3 Bc6 16. Rb3 Qb7 17. Qe2 Bh6 18. Bh2 Ne6 19. Qd1 Rad8 20. Bf1 Rf8 21. Ne5 Be8 22. Qd3 Ra8 23. g3 Bg7 24. Bg2 Rd8 25. Bf1 Ne4 26. a5 b5 27. Nxe4 dxe4 28. Qxe4 Qxe4 29. Rxe4 Rxd4 30. Rbe3 Rxe4 31. Rxe4 Ng5 32. Rg4 Bxe5 33. Rxg5 Bxb2 34. Rc5 Bd7 35. g4 Rc8 36. Rxc8+ Bxc8 37. Bd3 e5 38. f4 f6 39. Be4 Bc3 40. g5 exf4 41. Bxf4 fxg5 42. Bc7 Kf7 43. Kf2 Ke7 44. Bc6 Bxh3 45. Bb7 Kd7 46. Bb6 Bf5 47. Ke3 h5 48. Kf2 Bxc2 49. Bxa6 Kc6 50. Bd8 g4 51. Bc8 Bf5 52. Ba6 Be5 53. Bg5 Bc7 54. Bd2 h4 0-1

[Event "2nd Bieszczady Chess-ch A 2022"]
[Site "Bystre"]
[Date "2022.07.21"]
[Round "6.4"]
[White "Babiarz, Arkadiusz"]
[Black "Dzwierzynski, Bartosz"]
[Result "1/2-1/2"]
[ECO "B50"]
[WhiteElo "2027"]
[BlackElo "2129"]
[Annotator "NA"]
[PlyCount "68"]
[EventDate "2022.07.17"]
[EventCountry "POL"]
[SourceTitle "playchess.com"]
[Source "ChessBase"]
[SourceQuality "1"]
[TimeControl "5400+30"]

1. e4 c5 2. Nf3 d6 3. c3 Nf6 4. h3 g6 5. Bd3 Bg7 6. Bc2 O-O 7. O-O b6 8. d4 Bb7 9. Re1 Nbd7 10. Bg5 e5 11. dxe5 dxe5 12. Qd2 Qc7 13. Qe3 Nh5 14. Nbd2 f6 15. Bh6 Nf4 16. Bb3+ Kh8 17. Bxg7+ Kxg7 18. Rad1 b5 19. g3 c4 20. gxf4 exf4 21. Qe2 cxb3 22. Nxb3 Ne5 23. Nbd4 Nxf3+ 24. Qxf3 Qe5 25. Qxf4 Qxf4 26. Ne6+ Kh6 27. Nxf4 Rae8 28. Rd7 Rxe4 29. Rxe4 Bxe4 30. Ne6 Re8 31. Nd4 a6 32. Rd6 Bb7 33. Kf1 Bc8 34. Kg2 Kg7 1/2-1/2

[Event "2nd Bieszczady Chess-ch A 2022"]
[Site "Bystre"]
[Date "2022.07.21"]
[Round "6.5"]
[White "Sygulski, Piotr"]
[Black "Wilk, Tomasz"]
[Result "1/2-1/2"]
[ECO "A46"]
[WhiteElo "2013"]
[BlackElo "1900"]
[Annotator "NA RC"]
[PlyCount "104"]
[EventDate "2022.07.17"]
[EventCountry "POL"]
[SourceTitle "playchess.com"]
[Source "ChessBase"]
[SourceQuality "1"]
[TimeControl "5400+30"]

1. d4 Nf6 2. Nf3 e6 3. e3 b6 4. b3 Bb7 5. Bb2 Be7 6. Nbd2 Ne4 7. Nxe4 Bxe4 8. Bd3 f5 9. Bxe4 fxe4 10. Nd2 d5 11. Qg4 O-O 12. Qxe6+ Kh8 13. c4 Bb4 14. Rf1 c6 15. a3 Rf6 16. Qg4 Bd6 17. O-O-O Nd7 18. Qe2 Qe7 19. a4 Raf8 20. f3 exf3 21. Rxf3 Bxh2 22. Rdf1 Bf4 23. Kd1 Bh6 24. Rxf6 Nxf6 25. Rf3 Re8 26. Nf1 Ne4 27. Rf5 Rf8 28. Rxf8+ Qxf8 29. cxd5 cxd5 30. Nd2 Nf6 31. Qf3 Qe8 32. Ke2 b5 33. axb5 Qxb5+ 34. Kd1 Qd3 35. Qe2 Qxe3 36. Qxe3 Bxe3 37. Nf3 Kg8 38. Ne5 Bf4 39. Nc6 Kf7 40. Nxa7 Ke6 41. Ke2 g5 42. Nc6 g4 43. b4 h5 44. b5 h4 45. b6 h3 46. gxh3 gxh3 47. Kf3 h2 48. Kg2 Ne4 49. Bc1 Nf2 50. Bxf4 h1=Q+ 51. Kxf2 Qb1 52. b7 Qc2+ 1/2-1/2

[Event "2nd Bieszczady Chess-ch A 2022"]
[Site "Bystre"]
[Date "2022.07.21"]
[Round "6.6"]
[White "Kasperek, Ryszard"]
[Black "Hnatyshyn, Anastasiia"]
[Result "1-0"]
[ECO "B31"]
[WhiteElo "2058"]
[BlackElo "1931"]
[Annotator "NA RC"]
[PlyCount "75"]
[EventDate "2022.07.17"]
[EventCountry "POL"]
[SourceTitle "playchess.com"]
[Source "ChessBase"]
[SourceQuality "1"]
[TimeControl "5400+30"]

1. e4 c5 2. Nf3 Nc6 3. Bb5 g6 4. O-O Bg7 5. Re1 Nf6 6. e5 Nd5 7. Nc3 Nc7 8. Bxc6 dxc6 9. Ne4 b6 10. Nf6+ Kf8 11. Ne4 Bg4 12. d3 Bxe5 13. Nxe5 Bxd1 14. Bh6+ Kg8 15. Nxc6 Bxc2 16. Nxc5 bxc5 17. Nxe7+ Qxe7 18. Rxe7 Ne6 19. Re1 Bxd3 20. R1xe6 Bb5 21. h4 a6 22. b3 Rd8 23. Re5 c4 24. bxc4 Bc6 25. f3 Rb8 26. Rc5 Be8 27. Kh2 Rd8 28. Kg3 Rb8 29. Rec7 Rb6 30. Re5 Rb8 31. c5 Rd8 32. c6 Ra8 33. Ree7 Rd8 34. Rcd7 Bxd7 35. Rxd7 Rc8 36. c7 f6 37. Bg7 a5 38. Bxh8 1-0

[Event "2nd Bieszczady Chess-ch A 2022"]
[Site "Bystre"]
[Date "2022.07.21"]
[Round "6.6"]
[White "Kasperek, Ryszard"]
[Black "Hnatyshyn, Anastasiya"]
[Result "*"]
[ECO "B31"]
[WhiteElo "2058"]
[BlackElo "1931"]
[Annotator "NA RC"]
[PlyCount "24"]
[EventDate "2022.07.17"]
[EventCountry "POL"]
[SourceTitle "playchess.com"]
[Source "ChessBase"]
[SourceQuality "1"]
[TimeControl "5400+30"]

1. e4 c5 2. Nf3 Nc6 3. Bb5 g6 4. O-O Bg7 5. Re1 Nf6 6. e5 Nd5 7. Nc3 Nc7 8. Bxc6 dxc6 9. Ne4 b6 10. Nf6+ Kf8 11. Ne4 Bg4 12. d3 Bxe5 *

[Event "2nd Bieszczady Chess-ch A 2022"]
[Site "Bystre"]
[Date "2022.07.21"]
[Round "6.7"]
[White "Kucharski, Bartlomiej"]
[Black "Bugajski, Robert"]
[Result "1/2-1/2"]
[ECO "B50"]
[WhiteElo "2003"]
[BlackElo "2075"]
[Annotator "NA RC"]
[PlyCount "122"]
[EventDate "2022.07.17"]
[EventCountry "POL"]
[SourceTitle "playchess.com"]
[Source "ChessBase"]
[SourceQuality "1"]
[TimeControl "5400+30"]

1. e4 c5 2. Nf3 d6 3. d4 Nf6 4. Nc3 cxd4 5. Qxd4 Bd7 6. Bg5 Nc6 7. Qd2 a6 8. Be2 e6 9. Rd1 h6 10. Bh4 Qc7 11. O-O Be7 12. Bxf6 gxf6 13. Kh1 O-O-O 14. Nd4 Nxd4 15. Qxd4 Kb8 16. f4 h5 17. Nb1 h4 18. h3 Rhg8 19. c4 Bc6 20. Bf3 Qa5 21. Nc3 Qc5 22. Ne2 f5 23. exf5 Bxf3 24. Rxf3 Qxf5 25. Rb3 Rc8 26. Rbd3 Rgd8 27. b3 Rc6 28. Qe3 Rcc8 29. Nd4 Qh5 30. Qe4 d5 31. cxd5 Qxd5 32. Qh7 Rg8 33. Nf3 Qf5 34. Qxf5 exf5 35. Rd7 Rgd8 36. Ne5 Rxd7 37. Rxd7 Rc1+ 38. Kh2 Bc5 39. Nf3 Bf2 40. Nxh4 Bxh4 41. Rxf7 Rc3 42. Rg7 Rc7 43. Rg8+ Rc8 44. Rg7 Rf8 45. g3 Bf6 46. Rh7 Bd4 47. Kg2 Rc8 48. g4 fxg4 49. hxg4 Rc2+ 50. Kf3 Rxa2 51. g5 Rb2 52. Ke4 Bc3 53. f5 Rg2 54. g6 b5 55. Kd5 a5 56. Rh3 Bb2 57. Ke6 a4 58. bxa4 bxa4 59. Kf7 a3 60. Rxa3 Bxa3 61. g7 Ka8 1/2-1/2

[Event "2nd Bieszczady Chess-ch A 2022"]
[Site "Bystre"]
[Date "2022.07.21"]
[Round "6.8"]
[White "Janzer, Hubert"]
[Black "Palacki, Rafal"]
[Result "1/2-1/2"]
[ECO "D24"]
[WhiteElo "1839"]
[BlackElo "1832"]
[Annotator "NA COMBH"]
[PlyCount "78"]
[EventDate "2022.07.17"]
[EventCountry "POL"]
[SourceTitle "playchess.com"]
[Source "ChessBase"]
[SourceQuality "1"]
[TimeControl "5400+30"]

1. d4 d5 2. Nf3 Nf6 3. c4 dxc4 4. Nc3 e6 5. Qa4+ Nbd7 6. e4 c6 7. Qxc4 Be7 8. Bd3 O-O 9. h4 Nb6 10. Qb3 e5 11. Ne2 exd4 12. Nexd4 c5 13. Nf5 c4 14. Bxc4 Nxe4 15. Nxe7+ Qxe7 16. O-O Nc5 17. Qc2 Nxc4 18. Qxc4 b5 19. Qc3 Ne6 20. Re1 h6 21. Bf4 Bb7 22. Bg3 Rac8 23. Qe3 Qb4 24. Ne5 Qd4 25. Rad1 Qxe3 26. Rxe3 Rfd8 27. Rde1 Bd5 28. Ra3 Ra8 29. Ra5 a6 30. a4 Nd4 31. axb5 axb5 32. Rxa8 Bxa8 33. Ra1 Be4 34. Ra7 f6 35. Rd7 Rxd7 36. Nxd7 Ne2+ 37. Kh2 Nc1 38. Nc5 Bc2 39. Bf4 Nd3 1/2-1/2

[Event "2nd Bieszczady Chess-ch A 2022"]
[Site "Bystre"]
[Date "2022.07.22"]
[Round "7.1"]
[White "Razin, Vadim"]
[Black "Kyc, Jerzy"]
[Result "1-0"]
[ECO "D15"]
[WhiteElo "2428"]
[BlackElo "2203"]
[Annotator "TA"]
[PlyCount "91"]
[EventDate "2022.07.17"]
[EventCountry "POL"]
[SourceTitle "playchess.com"]
[Source "ChessBase"]
[SourceQuality "1"]
[TimeControl "5400+30"]

1. d4 d5 2. Nf3 Nf6 3. c4 c6 4. Nc3 a6 5. e3 b5 6. c5 {[%emt 0:00:12] D15: Slav Defence: 4 Nc3 a6 and gambit lines after 4 Nc3 dxc4.} Bg4 7. Qb3 Bxf3 8. gxf3 {[%emt 0:00:02] The position is equal.} e5 9. a4 exd4 10. exd4 Nbd7 11. Qa3 $36 {[%emt 0:06:10][%cal Ra4b5][%mdl 2048] White has some pressure.} Rc8 12. axb5 axb5 (12... Qe7+ $2 13. Ne2 axb5 14. Bh3 $18) 13. Qa5 Be7 14. Qxd8+ Bxd8 15. Bh3 O-O 16. Bg5 {[%emt 0:01:28] [#]} (16. Kd1 $142) 16... Rc7 $146 ({Predecessor:} 16... Re8+ 17. Kd2 Rc7 18. Bf4 Rb7 19. Ra6 Bc7 20. Bg3 Nb8 21. Ra8 Bxg3 22. hxg3 Nbd7 {1-0 (41) Batsiashvili,N (2324)-Uygur,S Izmir 2006}) 17. Ra8 {[%emt 0:22:14] White is more active.} Be7 $1 18. Ra5 h6 ({Better is} 18... Nb8 $14) 19. Bf4 Rb7 20. O-O Nh5 {[%emt 0:00:48] [#]} 21. Be3 f5 22. Rfa1 {[%emt 0:01:19] Strongly threatening Ra7.} b4 {[%emt 0:04:48] This move loses the game for Black.} (22... Nb8 $16) 23. Ne2 $18 Bg5 24. f4 Bd8 25. Ra7 Rxa7 26. Rxa7 Nb8 27. Nc1 Rf7 28. Rxf7 Kxf7 29. Bxf5 g6 30. Bc8 Bc7 31. Nd3 b3 32. Kg2 Ba5 33. Kf3 Nf6 34. Ke2 Ke7 $2 (34... Ng8 {might work better.} 35. f5 Ne7) 35. h4 Kd8 36. Bh3 h5 37. f5 {[%emt 0:00:33] White is clearly winning.} gxf5 38. Bxf5 Nbd7 39. Nc1 Ke7 40. Nxb3 Bc7 41. Bg5 {[%emt 0:00:00] [#] Bxd7 is the strong threat.} Kf7 42. Nc1 Nf8 43. Nd3 Ne4 44. Bf4 Bd8 45. Ne5+ Kg7 46. f3 {[%emt 0:00:00] Weighted Error Value: White=0.19 (very precise) /Black=0.31} 1-0

[Event "2nd Bieszczady Chess-ch A 2022"]
[Site "Bystre"]
[Date "2022.07.22"]
[Round "7.2"]
[White "Lewtak, Damian"]
[Black "Marszalek, Maciej"]
[Result "1/2-1/2"]
[ECO "A04"]
[WhiteElo "2397"]
[BlackElo "2268"]
[Annotator "TA"]
[PlyCount "41"]
[EventDate "2022.07.17"]
[EventCountry "POL"]
[SourceTitle "playchess.com"]
[Source "ChessBase"]
[SourceQuality "1"]
[TimeControl "5400+30"]

1. Nf3 c5 2. g3 Nc6 3. Bg2 g6 4. O-O Bg7 5. d3 e5 6. c4 Nge7 7. Nc3 d6 8. Ne1 Be6 9. Nc2 {[%emt 0:00:54] A37: Symmetrical English vs ...g6: 4 Bg2 Bg7 5 Nf3.} d5 10. cxd5 {[%emt 0:00:34] [#] A rather calm draw.} {Predecessor:} Nxd5 $146 11. Ne3 Nde7 12. Nc4 O-O 13. Bg5 f6 14. Be3 b6 15. a3 Qd7 16. b4 cxb4 17. axb4 Nd5 18. Nxd5 Bxd5 19. Bxd5+ Qxd5 20. Bxb6 Nxb4 21. Bxa7 {1-0 (28) Santos Latasa,J (2639)-Karjakin,S (2743) Warsaw 2021} 1/2-1/2

[Event "2nd Bieszczady Chess-ch A 2022"]
[Site "Bystre"]
[Date "2022.07.22"]
[Round "7.3"]
[White "Dzwierzynski, Bartosz"]
[Black "Tymrakiewicz, Rafal"]
[Result "0-1"]
[ECO "E91"]
[WhiteElo "2129"]
[BlackElo "2205"]
[Annotator "TA"]
[PlyCount "186"]
[EventDate "2022.07.17"]
[EventCountry "POL"]
[SourceTitle "playchess.com"]
[Source "ChessBase"]
[SourceQuality "1"]
[TimeControl "5400+30"]

1. d4 Nf6 2. c4 d6 3. Nc3 g6 4. e4 Bg7 5. Be2 Na6 6. Nf3 O-O 7. O-O e5 8. dxe5 dxe5 9. Bg5 h6 10. Qxd8 Rxd8 11. Bxf6 {[%emt 0:00:03] E94: King's Indian: Classical: 6 Be2 e5 7 0-0: Various Black 7th moves.} Bxf6 12. a3 c6 13. b4 {[%emt 0:03:14] [#] Black is slightly better.} Be6 $146 ({Predecessor:} 13... Bg4 14. Rfd1 Nc7 15. Ne1 Bxe2 16. Nxe2 Ne6 17. Nc2 a5 18. b5 Nc5 19. Nc3 h5 {0-1 (40) Orekhovsky,V (2018)-Savitskiy,S (2190) Dagomys 2009}) 14. Rfd1 Bg7 15. Rxd8+ Rxd8 16. Rd1 Rxd1+ 17. Nxd1 f6 (17... c5 $5 18. b5 Nc7 $15) 18. Nd2 Nc7 19. Nc3 b6 20. b5 cxb5 21. Nxb5 Nxb5 22. cxb5 $11 {[%emt 0:00:05][%mdl 4096] Endgame KBB-KBN} Bd7 23. Bc4+ Kf8 24. a4 Ke8 25. Bd5 Bf8 26. Nc4 Bc5 27. Kf1 Kd8 28. Nd2 Ke7 29. h3 Be8 30. g3 Kd6 31. Nc4+ Kc7 32. Nd2 Bb4 33. Nb3 Kd6 34. Kg2 f5 35. f3 Bc3 36. Kh2 Bd4 37. Kg2 Be3 38. Kh2 h5 39. Kg2 Ke7 40. Na1 Kd6 41. Nb3 Bg5 (41... Bd7 $17) 42. Kf2 Bh6 43. Ke2 Bd7 44. h4 (44. Ke1 $15) 44... Be8 (44... f4 $17 45. gxf4 Bxf4) 45. Kf2 (45. Nd2 $5 ) 45... g5 46. hxg5 ({White should play} 46. Nd2 $15) 46... Bxg5 $17 47. Kg2 Bd7 48. Bf7 fxe4 49. fxe4 Bg4 50. Bc4 Be3 51. Bd5 Be2 52. Bf7 Ke7 53. Bg8 Kf6 54. Bd5 Kg5 55. Bf7 Bd1 56. Bd5 Be2 57. Bf7 $1 h4 58. Be6 Bd1 59. Bd5 Bg4 60. Na1 (60. gxh4+ $17 {was necessary.} Kxh4 61. Bc4) 60... Be2 (60... hxg3 $19 {is more deadly. ( -> ...Kf4)} 61. Kxg3 Bd2) 61. Nb3 $2 (61. Be6 $17) 61... h3+ $1 $19 62. Kxh3 Bf1+ $1 63. Kh2 Kg4 $1 64. Na1 Kf3 $1 65. Nc2 Bc5 66. Ne1+ Kf2 67. Nc2 Bd3 68. Na1 Be2 69. Kh3 Ke3 70. Nb3 Ba3 71. Kh4 Be7+ {[%emt 0:00:19] A strong pair of Bishops.} 72. Kh3 Bd1 73. a5 Bb4 74. axb6 axb6 75. g4 Kf4 $2 (75... Be7 $1 $19 {aiming for ...Be2.} 76. Nc1 Ba4) 76. g5 $1 $15 Kxg5 77. Kg3 $2 {[%emt 0:00:03][%mdl 8192] [#] White is now going downhill.} (77. Nc1 $1 $15) 77... Be1+ $1 $19 78. Kg2 {[%emt 0:00:47] [#]} Kf4 $1 79. Kf1 Bc3 80. Kf2 Bg4 81. Bc6 Bf3 82. Nc1 Bd4+ 83. Ke1 (83. Kf1 $142 Ke3 84. Na2) 83... Ke3 84. Kf1 Bc5 {[%emt 0:01:09] Hoping for ...Ba3.} 85. Ke1 (85. Bd5 $19) 85... Bb4+ (85... Ba3 $142 86. Kf1 Bxc1 87. Kg1 Bxe4 88. Kh2 Ba3 89. Be8 Kd4 90. Bh5 Bd3 91. Kg3 e4 92. Kf2 e3+ 93. Kg2 Be7 94. Kg3 e2 95. Bxe2 Bxe2 96. Kh3 Bf6 97. Kh2 Ke3 98. Kg2 Be5 99. Kh3 Kf2 100. Kh4 Bf6+ 101. Kh3 Be7 102. Kh2 Bf1 103. Kh1 Bg2+ 104. Kh2 Bd6#) 86. Kf1 Bd2 87. Nb3 Be2+ 88. Kg2 Be1 89. Na1 Kd3 {[%emt 0:00:24] Inhibits Nc2. Black mates.} 90. Nb3 Kc2 91. Bd5 Bc3 92. Kf2 Bxb5 93. Ke3 Ba4 {[%emt 0:00:30] Weighted Error Value: White=0.14 (very precise) /Black=0.16 (very precise)} 0-1

[Event "2nd Bieszczady Chess-ch A 2022"]
[Site "Bystre"]
[Date "2022.07.22"]
[Round "7.4"]
[White "Karvatskyi, Oleksii"]
[Black "Kasperek, Ryszard"]
[Result "0-1"]
[ECO "B20"]
[WhiteElo "1804"]
[BlackElo "2058"]
[Annotator "TA"]
[PlyCount "58"]
[EventDate "2022.07.17"]
[EventCountry "POL"]
[SourceTitle "playchess.com"]
[Source "ChessBase"]
[SourceQuality "1"]
[TimeControl "5400+30"]

1. e4 c5 2. b3 Nc6 3. Bb2 e6 4. Bb5 Nge7 5. Nc3 a6 {[%emt 0:00:09] [#]} 6. Bxc6 $146 {[%emt 0:00:57] B20: Sicilian: Unusual White 2nd moves.} ({Predecessor:} 6. Be2 Ng6 7. Nf3 Be7 8. d4 cxd4 9. Nxd4 Nxd4 10. Qxd4 Bf6 11. Qd2 O-O 12. f4 {1-0 (55) Buksa,N (2413)-Eswaran,A (2244) Chess.com INT 2021}) 6... Nxc6 7. f4 d5 8. exd5 {[%emt 0:01:13] Black is slightly better.} exd5 9. Nf3 Be7 10. O-O O-O 11. Ne5 Bf6 (11... Nd4 $17) 12. Nxc6 bxc6 13. Qf3 Bf5 14. Rac1 (14. Na4 $11) 14... Qa5 $17 {[%emt 0:12:06] Black converts the advantage convincingly.} 15. a4 (15. Nd1 $142) 15... Rfe8 16. Ba1 c4 {[%emt 0:11:41] Black is more active.} 17. g4 Bd4+ {[%emt 0:11:08] A strong pair of Bishops.} 18. Kg2 (18. Kh1 $17 {might work better.} Be4 19. Nxe4 dxe4 20. Qg2 Bxa1 21. Rxa1) 18... Be4 $19 19. Nxe4 dxe4 20. Qe2 {[%emt 0:00:14] [#]} Bxa1 21. Rxa1 cxb3 22. cxb3 Rad8 $36 {[%emt 0:00:14][%mdl 2048] Black is on the roll.} 23. Rfd1 (23. Rf2 $142) 23... Rd3 24. Rac1 Qd5 {[%emt 0:06:17] Hoping for ...e3+.} ({Inferior is} 24... Rxb3 25. Rxc6 Rd3 26. Rc4) 25. Kf2 {[%emt 0:01:41] [#] Prevents e3+.} (25. Kg1) 25... Rd8 26. Rc4 (26. Kg1 $142 e3 27. Re1 Rxd2 28. Qf1) 26... e3+ 27. Kg1 Rxd2 {[%emt 0:00:28] Black mates.} 28. Rxd2 exd2 29. Qd1 Re8 {[%emt 0:00:48] Weighted Error Value: White=0.93/Black=0.08 (flawless)} 0-1